Construct Light Support Kompanie
Selects Panzerjäger Kommand Battlegroup
Selects GrB 39 Grenade Launcher Requisition
Panzerjäger Mechanized Group
Construct Mechanized Kompanie
18-tonne Recovery Half-track
Marder III Tank Destroyer
Selects Crew Shock Tactics
Marder III Tank Destroyer
le.IG 18 Mechanized Group
Marder III Tank Destroyer
Selects Elefant Tank Destroyer
Marder III Tank Destroyer
Selects Defensive Positions
Selects Butterfly Bomb Drop
Construct Panzerarmee Kommand